 Dungeon Crawl Stone Soup version 0.30-a0-528-g8c47a4955b (webtiles) character file.

Game seed: 9983993611070534492

2878 Crownlay the Geomancer (level 9, 0/49 HPs)
             Began as a Gargoyle Earth Elementalist on Dec 23, 2022.
             Slain by an orc warrior
             ... wielding a +0 hand axe
              (8 damage)
             ... in a bailey.
             The game lasted 00:15:03 (7266 turns).

Crownlay the Geomancer (GrEE)                       Turns: 7266, Time: 00:15:03

Health: 0/49       AC:  9    Str: 12    XL:     9   Next: 76%
Magic:  3/21       EV: 12    Int: 20    God:
Gold:   318        SH:  0    Dex: 16    Spells: 20/24 levels left

rFire   + . .      SeeInvis .    t - +5 flail (vorpal)
rCold   . . .      Faith    .    (no shield)
rNeg    + . .      Spirit   .    a - +0 robe
rPois   ∞          Reflect  .    (no helmet)
rElec   +          Harm     .    (no cloak)
rCorr   .          Rampage  .    (no gloves)
Will    .....                    o - +0 pair of boots
Stlth   ++                       (no amulet)
HPRegen 0.28/turn                n - +6 ring of dexterity
MPRegen 0.17/turn                s - ring of protection from fire

@: no status effects
A: sickness immunity, AC +6, negative energy resistance 1, electricity
resistance, torment resistance 1, petrification resistance
a: no special abilities


You were in a bailey.
You visited 2 branches of the dungeon, and saw 8 of its levels.
You also visited: Bailey.

You collected 318 gold pieces.

Inventory:

Hand Weapons
 t - a +5 vorpal flail (weapon)
 A - a +4 scimitar
Armour
 a - a +0 robe (worn)
 o - a +0 pair of boots (worn)
Jewellery
 n - a +6 ring of dexterity (left hand)
 s - a ring of protection from fire (right hand)
Wands
 v - a wand of paralysis (9)
Scrolls
 c - a scroll of fog
 f - 3 scrolls of enchant weapon
 g - 2 scrolls of poison
 p - 6 scrolls of teleportation
 r - 2 scrolls of vulnerability
 u - a scroll of amnesia
 x - a scroll of fear {unknown}
 y - a scroll of blinking {unknown}
Potions
 b - 2 potions of magic
 e - 2 potions of attraction
 h - a potion of might {unknown}
 i - a potion of brilliance {unknown}
 j - 2 potions of curing
 k - a potion of degeneration {unknown}
 l - a potion of resistance {unknown}
 m - 2 potions of ambrosia
 q - a potion of mutation {unknown}
 w - 2 potions of heal wounds {unknown}
 z - a potion of invisibility {unknown}


   Skills:
 + Level 2.5 Fighting
 - Level 1.5 Dodging
 - Level 2.1 Stealth
 + Level 8.3 Spellcasting
 + Level 6.9 Conjurations
 - Level 0.7 Transmutations
 + Level 8.5 Earth Magic
 + Level 2.0 Evocations


You had 20 spell levels left.
You knew the following spells:

 Your Spells              Type           Power      Damage    Failure   Level
a - Sandblast             Erth           84%        2d18      1%          1
b - Stone Arrow           Conj/Erth      78%        3d11      1%          3

Your spell library contained the following spells:

 Spells                   Type           Power      Damage    Failure   Level
 Magic Dart               Conj           100%       1d8       1%          1
 Passwall                 Tmut/Erth      21%        N/A       1%          2
 Searing Ray              Conj           70%        2d7       1%          2
 Static Discharge         Conj/Air       44%        2-4/arc   3%          2
 Apportation              Tloc           16%        N/A       9%          1
 Petrify                  Tmut/Erth      26%        N/A       12%         4
 Fulminant Prism          Conj/Hex       11%        3d9       21%         4
 Tukima's Dance           Hex            8%         N/A       24%         3
 Vhi's Electric Charge    Tloc/Air       16%        N/A       24%         3
 Arcjolt                  Conj/Air       11%        1d21      50%         5
 Lightning Bolt           Conj/Air       11%        1d24      50%         5
 Passage of Golubria      Tloc           8%         N/A       63%         4
 Alistair's Intoxication  Tmut/Pois      6%         N/A       89%         5
 Yara's Violent Unravell  Hex/Tmut       4%         3d4       89%         5


Dungeon Overview and Level Annotations

Branches:
Dungeon (7/15)             Temple (1/1) D:5          Bailey (1/1)

Altars:
Dithmenos
Fedhas
Hepliaklqana
Kikubaaqudgha
Makhleb
Qazlal
Ru
Sif Muna
Trog
Uskayaw
Yredelemnul
Zin
The Shining One

Shops:
D:1 [   D:4 [

Annotations:
D:4 2 transporters, initializr's ghost, novice GrCK
D:5 1 runed translucent door, kae's ghost, novice DrTm


Innate Abilities, Weirdness & Mutations

You are immune to sickness and miasma.
Your stone body is resilient. (AC +6)
You are immune to poison.
You resist negative energy. (rN+)
You are resistant to electric shocks. (rElec)
You are resistant to unholy torment.
You are immune to petrification.


Message History

Your Evocations skill increases to level 2!
Casting: Stone Arrow (safe; 1% risk of failure)
Confirm with . or Enter, or press ? or * to list all spells.
Aiming: Sandblast (safe; 1% risk of failure)
Press: ? - help, Shift-Dir - straight line, f - goblin
Aim: a goblin, wielding a +0 hand axe and wearing a +0 leather armour (81% to hit)
The blast of sand hits the goblin!!
You kill the goblin!
Casting: Sandblast (safe; 1% risk of failure)
Confirm with . or Enter, or press ? or * to list all spells.
Aiming: Stone Arrow (safe; 1% risk of failure)
Press: ? - help, Shift-Dir - straight line, f - orc warrior
Aim: an orc warrior, wielding a +0 hand axe and wearing a +0 ring mail (67% to hit)
The stone arrow hits the orc warrior!
The orc warrior is moderately wounded.
The orc warrior closely misses you.
Casting: Stone Arrow (safe; 1% risk of failure)
Confirm with . or Enter, or press ? or * to list all spells.
Aiming: Stone Arrow (safe; 1% risk of failure)
Press: ? - help, Shift-Dir - straight line, f/p - orc warrior
Aim: an orc warrior, wielding a +0 hand axe and wearing a +0 ring mail (moderately wounded, 67% to hit)
The stone arrow misses the orc warrior.
The stone arrow hits the gnoll!!
You kill the gnoll!
The orc warrior closely misses you.
You closely miss the orc warrior.
The orc warrior is moderately wounded.
The orc warrior hits you with a +0 hand axe!
A goblin comes into view. It is wielding a +0 hand axe.
You barely miss the orc warrior.
The orc warrior is moderately wounded.
The orc warrior hits you with a +0 hand axe!
You sock the orc warrior!
The orc warrior is heavily wounded.
The orc warrior hits you with a +0 war axe.
The orc warrior hits you with a +0 hand axe!
The orc warrior closely misses you.
The orc warrior hits you with a +0 hand axe!
* * * LOW HITPOINT WARNING * * *
The orc warrior hits you with a +0 hand axe!
You die...

##'# #..# #..#
#..# #.g# #g. #o##
#.o# #8@# .. #..#
.8# ####8.# ....
#######...).# .8..
#.....#..)8.#
.....#.....#.....#
#..#..⌠..#).####
#..'.....'..#
#..'.....'..#


You could see 2 orc warriors and a goblin.

Vanquished Creatures
  An orc knight (Bailey)
  Edmund (D:4)
  4 orc warriors (Bailey)
  An ice beast (D:4)
  3 black bears
  A sky beast (D:6)
  A centaur (D:5)
  A phantom (D:5)
  A kobold brigand (D:6)
  A gnoll sergeant (D:5)
  3 scorpions
  8 wights (D:6)
  2 howler monkeys
  3 jellies (D:5)
  4 hounds
  2 orc priests
  An orc wizard (D:4)
  An iguana (D:3)
  5 gnolls
  7 adders
  A shadow imp (D:6)
  2 white imps
  An ufetubus (D:4)
  A dart slug (D:5)
  5 worms
  8 orcs
  4 bats
  7 endoplasms
  3 giant cockroaches
  6 goblins
  9 hobgoblins
  4 jackals
  9 kobolds
  3 quokkas
  8 ball pythons
  2 frilled lizards
  7 rats
131 creatures vanquished.

Vanquished Creatures (others)
  6 plants (D:4)
6 creatures vanquished.

Grand Total: 137 creatures vanquished

Notes
Turn   | Place    | Note
-------+----------+-------------------------------------------
     0 | D:1      | Crownlay the Gargoyle Earth Elementalist began the quest
                  | for the Orb.
     0 | D:1      | Reached XP level 1. HP: 10/10 MP: 3/3
    97 | D:1      | Found Ishuigy's Antique Armour Shop.
   285 | D:1      | Reached XP level 2. HP: 10/15 MP: 0/5
   429 | D:1      | Reached XP level 3. HP: 19/19 MP: 4/7
   952 | D:2      | Reached XP level 4. HP: 21/24 MP: 2/9
  1288 | D:2      | Learned a level 3 spell: Stone Arrow
  1289 | D:2      | Found a basalt altar of Yredelemnul.
  1592 | D:3      | Reached XP level 5. HP: 28/28 MP: 7/10
  2422 | D:3      | Reached skill level 1 in Conjurations
  2575 | D:4      | Found Didedar's Antique Armour Shop.
  2610 | D:4      | Noticed an ice beast
  2620 | D:4      | Noticed a black bear
  2673 | D:4      | Killed a black bear
  2674 | D:4      | Reached skill level 5 in Earth Magic
  2674 | D:4      | Reached XP level 6. HP: 30/32 MP: 2/12
  2757 | D:4      | Noticed Edmund
  2767 | D:4      | Killed Edmund
  2768 | D:4      | Reached skill level 5 in Spellcasting
  3070 | D:4      | Reached XP level 7. HP: 36/36 MP: 11/14
  3234 | D:4      | Found a transporter.
  3240 | D:4      | Found a transporter.
  3585 | D:5      | Entered Level 5 of the Dungeon
  3668 | D:5      | Found a glowing golden altar of the Shining One.
  3671 | D:5      | Found a shadowy altar of Dithmenos.
  3959 | D:5      | Reached XP level 8. HP: 30/41 MP: 3/17
  4733 | D:5      | Found a runed translucent door.
  4733 | D:5      | Noticed kae's ghost (novice DrTm)
  4835 | D:5      | Found a staircase to the Ecumenical Temple.
  5266 | Temple   | Entered the Ecumenical Temple
  5557 | D:4      | Noticed initializr's ghost (novice GrCK)
  5942 | D:6      | Reached skill level 5 in Conjurations
  6066 | D:6      | Reached XP level 9. HP: 43/45 MP: 16/20
  6837 | D:7      | Found a flagged portal.
  6844 | Bailey   | Entered a bailey
  7038 | Bailey   | Reached skill level 1 in Fighting
  7098 | Bailey   | Noticed an orc knight
  7110 | Bailey   | Killed an orc knight
  7111 | Bailey   | Reached skill level 1 in Evocations
  7266 | Bailey   | Slain by an orc warrior

Illustrated notes

Levels and vault maps discovered:
D:1:      nzn_arrival_settlement, layout_basic, serial_shops,
          nicolae_square_shop
D:2:      layout_basic, basic_altar, minmay_tetromino_t4
D:3:      layout_loops_corners, st_stairs_14
D:4:      layout_basic, gammafunk_ghost_gnarly_gnolls, serial_shops,
          nicolae_stop_n_shop_2, minmay_crystal_room, minmay_misc_feat_doors,
          uniq_edmund
D:5:      layout_layer_cave, nicolae_overflow_squiral,
          minmay_temple_entry_poolview, hellmonk_ghost_happy_afterlife
D:6:      layout_cave_pools
D:7:      layout_loops_corners, enter_bailey_1
Temple:   cyrus_temple_forest
Bailey:   bailey_axe_of_yendor_kennysheep, bailey

Skill      XL: |  1  2  3  4  5  6  7  8  9 |
---------------+----------------------------+-----
Earth Magic    | 4 5 6 7 8 |  8.5
Spellcasting   | 3 4 5 6 7 8 |  8.3
Conjurations   | 1 2 3 5 6 |  6.9
Fighting       | 2 |  2.5
Evocations     | 2 |  2.0
Dodging        | |  1.5
Stealth        | |  2.1
Transmutations | |  0.7

Action                   |  1- 3 |  4- 6 |  7- 9 || total
-------------------------+-------+-------+-------++-------
Melee: Spear             |    19 |       |       ||    19
       Flail             |    22 |     9 |    18 ||    49
       Punch             |       |     1 |       ||     1
 Cast: Sandblast         |    33 |    55 |    50 ||   138
       Stone Arrow       |       |     8 |    65 ||    73
Evoke: Wand              |       |       |     2 ||     2
  Use: Scroll            |       |     3 |     9 ||    12
 Stab: Sleeping          |     1 |       |       ||     1
       Distracted        |     1 |       |       ||     1
Armor: Robe              |    24 |    10 |    14 ||    48
Dodge: Dodged            |    43 |    18 |    33 ||    94

Table legend: (Time is in decaauts)
 A = Elapsed time spent in this place.
 B = Non-inter-level travel time spent in this place.
 C = Inter-level travel time spent in this place.
 D = Time resting spent in this place.
 E = Time spent auto-exploring this place.
 F = Levels seen in this place.
 G = Mean time per level.
                   A        B        C        D        E       F      G
               +--------+--------+--------+--------+--------+-----+--------+
         Total |   7356 |   6849 |    507 |    206 |   5612 |   9 |  817.3 |
       Dungeon |   6846 |   6363 |    483 |      0 |   5505 |   7 |  978.0 |
        Temple |     80 |     56 |     24 |      0 |     48 |   1 |   80.0 |
        Bailey |    429 |    429 |      0 |    206 |     59 |   1 |  429.0 |
               +--------+--------+--------+--------+--------+-----+--------+

Top non-repeatable levels by time:
     D:5: 1973 daAuts
     D:4: 1090 daAuts
     D:3: 1049 daAuts
     D:6: 906 daAuts
     D:2: 906 daAuts
     D:1: 794 daAuts
  Bailey: 429 daAuts
     D:7: 124 daAuts
  Temple: 80 daAuts
